Selects Luftwaffe Battlegroup
Selects Luftwaffe Pioneer Support
Fallschirmpioneer Squad Paradrop
Construct Infanterie Kompanie
Fallschirmpioneer Squad Paradrop
Selects LG40 Recoilless Gun Paradrop
Construct Luftwaffe Kompanie
Fallschirmpioneer Squad Paradrop
LG40 Recoilless Gun Paradrop
Selects Stuka Strafing Run
Selects Fallschirmjäger Squad Paradrop
Marder III M Tank Destroyer
Selects Fragmentation Bombs
Construct Panzergrenadier Kompanie
Nebelwerfer 42 Rocket Launcher Team
Fallschirmjäger Squad Paradrop
Luftwaffe Officer Quarters